cohdb
Replays
Latest Replays
All Replays
Popular Replays
Top Player Replays
Match Explorer
How It Works
Community
CoH3 Stats
Reddit
Sign in to upload your games and track your stats! →
Sign in with Steam
Match 45570573
Unlisted
Match 45570573
Overview
Messages
Build Orders
End
Construct Infanterie Kompanie
Pioneer Squad
Selects Terror Battlegroup
Grenadier Squad
GrW 34 Mortar Team
Grenadier Squad
Selects Machine Gun Camouflage
Construct Luftwaffe Kompanie
Selects Interrogate
Jäger Squad
221 Scout Car
Luftwaffe Officer Quarters
Support Elements
Pioneer Squad
Selects Propaganda Leaflet Drop
Marder III M Tank Destroyer
Medical Station
Propaganda Leaflet Drop
Marder III M Tank Destroyer
Flak 30 Anti-aircraft Gun Team
Kettenkrad Recon Vehicle
Selects V1 Rocket Strike
Wirbelwind Flakpanzer
Wirbelwind Flakpanzer
Wirbelwind Flakpanzer
kingdom
LegendPistachios
imo221
vincent
Nefris
just a LLAMA
Lacrimosa
13Magic
0
0
Comments
sign in to comment!
No comments posted yet!